 Dungeon Crawl Stone Soup version 0.28.0 (webtiles) character file.

Game seed: 13639841122903310789

18 tizbic2 the Charlatan (level 2, -1/24 HPs)
             Began as a Hill Orc Artificer on Feb 6, 2022.
             Slain by a gnoll (3 damage)
             ... on level 1 of the Dungeon.
             The game lasted 00:03:58 (1478 turns).

tizbic2 the Charlatan (Hill Orc Artificer)          Turns: 1478, Time: 00:03:59

Health: -1/24      AC:  4    Str: 11 (14) XL:     2   Next: 70%
Magic:  2/2        EV: 11    Int: 10 (11) God:
Gold:   100        SH:  0    Dex:  9 (11) Spells: 1/1 levels left

rFire   . . .      SeeInvis .   a - +0 club
rCold   . . .      Faith    .   (no shield)
rNeg    . . .      Spirit   .   b - +0 leather armour
rPois   .          Reflect  .   (no helmet)
rElec   .          Harm     .   n - +0 cloak
rCorr   .          Rampage  .   (no gloves)
Will    +....                   (no boots)
Stlth   +.........              (no amulet)
HPRegen 0.08/turn               o - ring of willpower
MPRegen 0.08/turn               (no ring)

@: flying, hasted, very quick
A: no striking features
a: no special abilities


You were on level 1 of the Dungeon.
You visited 1 branch of the dungeon, and saw 1 of its levels.

You collected 100 gold pieces.

Inventory:

Hand Weapons
 a - a +0 club (weapon)
Missiles
 l - 15 sling bullets
 m - 13 stones (quivered)
Armour
 b - a +0 leather armour (worn)
 n - a +0 cloak (worn)
Jewellery
 o - a ring of willpower (left hand)
Wands
 c - a wand of flame (12)
 d - a wand of charming (15)
Scrolls
 g - 2 scrolls of teleportation {unknown}
 h - a scroll of silence {unknown}
 k - a scroll of holy word {unknown}
Potions
 p - a potion of cancellation {unknown}
 q - a potion of flight
Miscellaneous
 e - a piece from Xom's chessboard (15/15)


   Skills:
 + Level 2.0 Fighting
 - Level 2.1 Armour
 - Level 0.7 Dodging
 - Level 0.7 Stealth
 * Level 2.0 Unarmed Combat
 + Level 0.0 Invocations
 - Level 3.0 Evocations


You had one spell level left.
You didn't know any spells.
Your spell library was empty.

Dungeon Overview and Level Annotations

Branches:
Dungeon (1/15)

Altars:


Message History

The gnoll shouts!
There is a stone staircase leading down here.
Throw: 15 stones
Press: ? - help, Q - select action, (/) - cycle Shift-Dir - straight line, f - gnoll
Aim: a gnoll, wielding a +0 flail (60% to hit)
You throw a stone.
The stone hits the gnoll but does no damage.
Throw: 14 stones
Press: ? - help, Q - select action, (/) - cycle Shift-Dir - straight line, f/p - gnoll
Aim: a gnoll, wielding a +0 flail (60% to hit)
You throw a stone.
The stone hits the gnoll but does no damage.
You barely miss the gnoll. The gnoll hits you with a +0 flail! x2
* * * LOW HITPOINT WARNING * * *
Okay, then.
You hit the gnoll.
The gnoll is moderately wounded.
The gnoll barely misses you.
It was a potion of curing.
You feel better. The gnoll closely misses you.
It was a potion of degeneration.
There was something very wrong with that liquid.
You feel weakened.
You feel dopey.
You feel clumsy. The gnoll hits you with a +0 flail.
It was a potion of flight.
You feel very buoyant.
You fly up into the air.
The gnoll barely misses you.
Okay, then.
It was a potion of haste.
You feel yourself speed up. The gnoll barely misses you.
You closely miss the gnoll.
The gnoll is lightly wounded.
The gnoll hits you with a +0 flail!
* * * LOW HITPOINT WARNING * * *
You hit the gnoll but do no damage.
The gnoll is lightly wounded.
The gnoll barely misses you.
You closely miss the gnoll.
The gnoll is lightly wounded.
The gnoll hits you with a +0 flail.
You die...

# #. ######### ..
....((g@# # #######.#
####.# #. ..#.# #.
..######.##.#.# ...
.#......#..#.#
###........ #....#
.##.##....
#..##################
..#....#.#
#..#.................


You could see a gnoll.

Vanquished Creatures
  A dart slug (D:1)
  3 bats (D:1)
  4 endoplasms (D:1)
  2 hobgoblins (D:1)
  A quokka (D:1)
  A ball python (D:1)
  2 rats (D:1)
14 creatures vanquished.

Vanquished Creatures (others)
  4 toadstools (D:1)
4 creatures vanquished.

Grand Total: 18 creatures vanquished

Notes
Turn   | Place    | Note
-------+----------+-------------------------------------------
     0 | D:1      | tizbic2 the Hill Orc Artificer began the quest for the Orb.
     0 | D:1      | Reached XP level 1. HP: 16/16 MP: 1/1
   253 | D:1      | Reached skill level 1 in Unarmed Combat
   540 | D:1      | Found a faded altar of an unknown god.
   553 | D:1      | Reached XP level 2. HP: 8/24 MP: 2/2
  1476 | D:1      | HP: 1/24 [gnoll (9)]
  1478 | D:1      | Slain by a gnoll

Illustrated notes

Levels and vault maps discovered:
D:1:      ncdulo_watergridlock, layout_basic, basic_ecumenical_altar,
          roderic_serpentine_path, minmay_misc_feat_enclosed, minivault_14,
          minmay_gold_behind_fungi

Skill      XL: |  1  2 |
---------------+-------+-----
Unarmed Combat | 1 2 |  2.0
Fighting       | 2 |  2.0
Armour         | |  2.1
Dodging        | |  0.7
Stealth        | |  0.7
Evocations     | |  3.0

Action                   || total
-------------------------++-------
Melee: Club              ||    61
Throw: Stone             ||    20
Evoke: Wand              ||     3
  Use: Potion            ||     4
 Stab: Sleeping          ||     1
Armor: Leather armour    ||    28
Dodge: Dodged            ||    48
